 Dungeon Crawl Stone Soup version 0.28.0-53-g5a82cb258f (webtiles) character file.

Game seed: 15589582545247423293

34 Zeld the Ruffian (level 3, -1/28 HPs)
             Began as a Draconian Transmuter on June 3, 2022.
             Killed by divine providence
             ... invoked by an orc priest
              (17 damage)
             ... on level 4 of the Dungeon.
             The game lasted 00:01:33 (1342 turns).

Zeld the Ruffian (Draconian Transmuter)             Turns: 1342, Time: 00:01:35

Health: -1/28      AC:  2    Str: 14    XL:     3   Next: 14%
Magic:  3/6        EV: 19    Int: 13    God:
Gold:   58         SH:  0    Dex: 16    Spells: 0/6 levels left

rFire   . . .      SeeInvis .     - Unarmed
rCold   . . .      Faith    .   (shield currently unavailable)
rNeg    . . .      Spirit   .   (armour unavailable)
rPois   x          Reflect  .   (helmet currently unavailable)
rElec   .          Harm     .   (cloak currently unavailable)
rCorr   .          Rampage  .   (gloves currently unavailable)
Will    .....                   (boots currently unavailable)
Stlth   +.........              (no amulet)
HPRegen 0.09/turn               (no ring)
MPRegen 0.10/turn               (no ring)

@: spider-form (expiring)
A: venomous fangs, AC +5, tiny, unfitting armour, (cold-blooded)
a: End Transformation


You were on level 4 of the Dungeon.
You were a venomous arachnid creature.
You visited 1 branch of the dungeon, and saw 4 of its levels.

You collected 58 gold pieces.

Inventory:

Scrolls
 a - 2 scrolls of magic mapping {unknown}
 c - a scroll of enchant armour {unknown}
 f - a scroll of fear {unknown}
 g - a scroll of identify {unknown}
 i - a scroll of fog {unknown}
Potions
 b - a potion of resistance {unknown}
 d - 2 potions of heal wounds {unknown}
 e - a potion of flight {unknown}
 h - a potion of curing {unknown}


   Skills:
 + Level 1.4 Fighting
 - Level 1.7 Dodging
 - Level 3.0 Unarmed Combat
 + Level 2.2 Spellcasting
 + Level 2.3 Transmutations
 * Level 1.3 Ice Magic
 * Level 1.4 Poison Magic


You couldn't memorise any spells.
You knew the following spells:

 Your Spells              Type           Power      Damage    Failure   Level
a - Beastly Appendage     Tmut           14%        N/A       24%         1
b - Wereblood             Tmut           7%         N/A       32%         2
c - Spider Form           Tmut/Pois      6%         N/A       56%         3

Your spell library contained the following spells:

 Spells                   Type           Power      Damage    Failure   Level
 Gell's Gravitas          Tloc           1%         N/A       78%         3
 Lesser Beckoning         Tloc           1%         N/A       78%         3
 Teleport Other           Tloc           1%         N/A       78%         3
 Ice Form                 Ice/Tmut       6%         N/A       89%         4


Dungeon Overview and Level Annotations

Branches:
Dungeon (4/15)
 Temple: D:4-7

Altars:

Annotations:
D:4 2 runed translucent doors, KittyFluff's ghost, amateur GrBe


Innate Abilities, Weirdness & Mutations

You are a venomous arachnid creature.
You have poisonous fangs.
You are tiny and dextrous.
Your spellcasting is less reliable in this form.
Your armour is entirely melded.
You are incapable of wielding weapons or throwing items.
((Your plain brown scales are hard. (AC +5)))
You cannot fit into any form of body armour.
((You are cold-blooded and may be slowed by cold attacks.))


Message History

Magic restored.
Your horns disappear.
Your talons disappear.
You now have 58 gold pieces (gained 17).
The white imp laughs crazily.
Found a ring mail.
i - a scroll labelled OPSALE LAUBLEIDGH
Found a cloak.
An orc and an orc priest come into view.
The howler monkey howls!
The orc priest shouts!
There are monsters nearby!
Search for what [Enter for "armor", or ? for help]?
An orc comes into view.
It is wielding a +1 short sword of electrocution.
The orc shouts!
Casting: Beastly Appendage (safe; 10% risk of failure)
Confirm with . or Enter, or press ? or * to list all spells.
The spell is extremely dangerous to miscast (34% risk of failure)!
Continue anyway?
You turn into a venomous arachnid creature.
Found a ring mail.
The orc closely misses you.
You bite the orc!
You kill the orc!
Your transformation is almost over.
The orc priest misses you.
You hit the orc priest.
The orc priest is moderately wounded.
The orc priest invokes the aid of Beogh against you.
Beogh smites you!
You hear a shout!
You barely miss the orc priest.
The orc priest is moderately wounded.
The orc priest barely misses you.
You hit the orc priest.
The orc priest is poisoned.
The orc priest is moderately wounded.
The orc priest hits you with a +0 trident.
You hit the orc priest.
The orc priest looks as sick as possible!
The orc priest is heavily wounded.
The orc priest mumbles some strange prayers to Beogh against you.
Beogh smites you!
Ouch! That really hurt!
You die...

.....# .....# .. .....#
#. ....[# #. ##.....##
# #. #.).....# .##.##.
#.# .### o...... #.#
...#
.......##s#####.#.#
...o....o.........#
..................#
++###...##......##..##.
...#...#####.#........
. ..#...............#
.#.
#.##h#..######......##
.#. #.##.#..# ##.#####
.#.##.##.#..# ##.##


You could see an orc priest (extremely poisoned) and an orc.

Vanquished Creatures
  An ufetubus (D:3)
  An orc (D:4)
  A bat (D:3)
  An endoplasm (D:2)
  A giant cockroach (D:3)
  2 goblins (D:1)
  2 hobgoblins
  8 kobolds
  5 ball pythons
  2 frilled lizards
  4 rats
28 creatures vanquished.

Vanquished Creatures (others)
  9 toadstools (D:3)
9 creatures vanquished.

Grand Total: 37 creatures vanquished

Notes
Turn   | Place    | Note
-------+----------+-------------------------------------------
     0 | D:1      | Zeld the Draconian Transmuter began the quest for the Orb.
     0 | D:1      | Reached XP level 1. HP: 16/16 MP: 3/3
   365 | D:2      | Reached XP level 2. HP: 18/23 MP: 3/5
   368 | D:2      | Learned a level 2 spell: Wereblood
   586 | D:2      | Reached skill level 1 in Poison Magic
   590 | D:2      | Reached skill level 1 in Ice Magic
  1195 | D:3      | Reached XP level 3. HP: 28/28 MP: 4/6
  1199 | D:3      | Learned a level 3 spell: Spider Form
  1267 | D:4      | Noticed a scorpion
  1282 | D:4      | Noticed a bullfrog
  1285 | D:4      | Noticed a necrophage
  1286 | D:4      | Noticed KittyFluff's ghost (amateur GrBe)
  1301 | D:4      | Found a runed translucent gate.
  1301 | D:4      | Found a runed translucent gate.
  1342 | D:4      | Killed from afar by an orc priest

Illustrated notes

Levels and vault maps discovered:
D:1:      lightli_arrival_lavapool, layout_loops_corners,
          hellmonk_ecumenical_altar_watching_god
D:2:      layout_rooms, minmay_pentomino_p2, uniq_jessica
D:3:      cheibrodos_fertilizer, layout_loops_ring
D:4:      layout_loops_cross, gammafunk_ghost_split

Skill      XL: |  1  2 |
---------------+-------+-----
Poison Magic   | 1 |  1.4
Ice Magic      | 1 |  1.3
Fighting       | |  1.4
Dodging        | |  1.7
Unarmed Combat | |  3.0
Spellcasting   | |  2.2
Transmutations | |  2.3

Action                   || total
-------------------------++-------
Melee: Unarmed           ||    55
       Kick              ||    17
       Headbutt          ||     9
       Tailslap          ||     1
 Cast: Beastly Appendage ||    19
       Spider Form       ||     1
Armor: Skin              ||     7
Dodge: Dodged            ||    39
